 Dungeon Crawl Stone Soup version 0.30-a0-6-g7c9e10e132 (webtiles) character file.

Game seed: 8096846933970903320

836 siradein the Trooper (level 7, -13/56 HPs)
             Began as a Demonspawn Fighter on Aug 23, 2022.
             Was an Initiate of Yredelemnul.
             Mangled by an ogre
             ... wielding a +0 giant club
              (29 damage)
             ... on level 5 of the Dungeon.
             The game lasted 00:08:37 (4797 turns).

siradein the Trooper (Demonspawn Fighter)           Turns: 4797, Time: 00:08:39

Health: -13/56     AC: 14    Str: 18    XL:     7   Next: 66%
Magic:  9/9        EV: 10    Int: 10    God:    Yredelemnul [......]
Gold:   284        SH: 10    Dex: 12    Spells: 6/6 levels left

rFire   + . .      SeeInvis .    a - +0 flail
rCold   . . .      Faith    .    c - +0 buckler
rNeg    . . .      Spirit   .    v - +2 ring mail {rF+}
rPois   .          Reflect  +    (helmet restricted)
rElec   .          Harm     .    g - +0 cloak
rCorr   .          Rampage  .    E - +0 pair of gloves
Will    .....                    s - +1 pair of boots
Stlth   +.........               n - amulet of reflection
HPRegen 0.18/turn                (no ring)
MPRegen 0.11/turn                (no ring)

@: no status effects
A: horns 1, icy blue scales 1, demonic guardian 1, ignite blood 1
a: Renounce Religion, Recall Undead Harvest


You were on level 5 of the Dungeon.
You worshipped Yredelemnul.
Yredelemnul was noncommittal.
You visited 2 branches of the dungeon, and saw 7 of its levels.

You collected 312 gold pieces.
You spent 28 gold pieces at shops.

Inventory:

Hand Weapons
 a - a +0 flail (weapon)
Missiles
 b - 2 boomerangs
 f - 3 javelins
 k - 79 stones (quivered)
Armour
 c - a +0 buckler (worn)
 g - a +0 cloak (worn)
 s - a +1 pair of boots (worn)
 v - a +2 ring mail of fire resistance (worn)
 E - a +0 pair of gloves (worn)
Jewellery
 n - an amulet of reflection (around neck)
Wands
 C - a wand of light (6)
Scrolls
 e - a scroll of enchant armour {unknown}
 i - 2 scrolls of fear {unknown}
 l - 2 scrolls of teleportation
 m - 2 scrolls of butterflies
 r - a scroll of brand weapon {unknown}
 w - a scroll of summoning {unknown}
 A - a scroll of vulnerability {unknown}
Potions
 d - 2 potions of might
 h - 2 potions of invisibility {unknown}
 j - 2 potions of berserk rage {unknown}
 o - 3 potions of attraction
 p - 5 potions of curing
 q - 3 potions of haste
 t - a potion of ambrosia {unknown}
 u - 2 potions of flight
 x - 2 potions of heal wounds {unknown}
 z - 2 potions of magic {unknown}
 B - a potion of brilliance {unknown}
 D - 2 potions of mutation {unknown}


   Skills:
 + Level 5.4 Fighting
 + Level 4.5 Maces & Flails
 - Level 4.1 Armour
 - Level 4.0 Shields
 + Level 3.6 Invocations


You had 6 spell levels left.
You didn't know any spells.
Your spell library contained the following spells:

 Spells                   Type           Power      Damage    Failure   Level
 Magic Dart               Conj           0%         1d3       63%         1
 Searing Ray              Conj           0%         2d4       77%         2
 Fulminant Prism          Conj/Hex       0%         3d6       100%        4


Dungeon Overview and Level Annotations

Branches:
Dungeon (6/15)             Temple (1/1) D:4

Altars:
Ashenzari
Fedhas
Gozag
Kikubaaqudgha
Nemelex Xobeh
Okawaru
Qazlal
Ru
Sif Muna
Vehumet
Yredelemnul

Shops:
D:2 *   D:5 *(((


Innate Abilities, Weirdness & Mutations

You have a pair of small horns on your head.
You are partially covered in icy blue scales. (AC +2)
A weak demonic guardian rushes to your aid.
Your demonic aura sometimes causes spilled blood to erupt in flames.


Message History

You see here a +0 pair of gloves.
Found a stone staircase leading down.
x - 2 blue potions (gained 1)
Found a club.
Found a trident.
You see here a +0 pair of gloves.
You start putting on your armour.
You continue putting on your +0 pair of gloves. x4
You finish putting on your +0 pair of gloves.
As you read the scroll of identify, it crumbles to dust.
q - 3 potions of haste An ogre comes into view.
It is wielding a +0 giant club.
The ogre shouts!
The ogre moves out of view.
A black bear comes into view.
The black bear growls angrily.
There are monsters nearby!
There are monsters nearby!
There are monsters nearby!
There is a stone staircase leading up here.
The ogre hits you with a +0 giant club!!
You climb upwards.
There is a stone staircase leading down here.
You hit the ogre.
The ogre is lightly wounded.
You barely miss the ogre.
The ogre is lightly wounded.
The ogre hits you with a +0 giant club!!
* * * LOW HITPOINT WARNING * * *
You are too injured to fight recklessly!
You are too injured to fight recklessly!
You are too injured to fight recklessly!
You are too injured to fight recklessly!
You sock the ogre!
The ogre is moderately wounded.
The ogre is engulfed in blazing flames.
The ogre hits you with a +0 giant club!!
Ouch! That really hurt!
You die...
Your body rises from the dead as a mindless zombie.

~~~≈≈###..#
#.###...## #Z# #.#
.≈≈≈#.##..###.#
##### #Z# #.#
###..###..#...###
#####.# #Z#
...Z####..Z.ZZ..#
#..ZZZ# #Z#
.........##.###.##
#.##### #.#
###########.# #..#
#.# #Z# # #.# ##.#
#.# ######.# # #.#
#.# #.# #..Z.ZZ# #
#.# #@# #Z#
#.###### # #.# #O#
#Z# #Z# # #.# #.#
#Z# #Z# # #.#
#<####.####Z# #
#.####..Z......#.#
#
#................#
#
###########.##.###
# #.##.## #
######.#...###


You could see an ogre.

Vanquished Creatures
  A centaur (D:5)
  2 phantoms
  A water moccasin zombie (D:4)
  A scorpion (D:5)
  A water moccasin skeleton (D:4)
  3 wights (D:5)
  2 jellies (D:5)
  An orc wizard (D:3)
  An iguana (D:4)
  A scorpion zombie (D:4)
  A hound zombie (D:4)
  2 adders
  2 adder zombies (D:4)
  A worm (D:2)
  A dart slug (D:4)
  2 orcs
  11 endoplasms
  2 giant cockroaches
  7 goblins
  9 hobgoblins
  5 jackals
  9 kobolds
  A quokka (D:1)
  5 ball pythons
  5 bats
  2 frilled lizards (D:1)
  5 rats
84 creatures vanquished.

Vanquished Creatures (collateral kills)
  A scorpion zombie (D:4)
1 creature vanquished.

Vanquished Creatures (others)
  An orc wizard (D:3)
  An adder zombie (D:5)
  A withered plant (D:4)
3 creatures vanquished.

Grand Total: 88 creatures vanquished

Notes
Turn   | Place    | Note
-------+----------+-------------------------------------------
     0 | D:1      | siradein the Demonspawn Fighter began the quest for the
                  | Orb.
     0 | D:1      | Reached XP level 1. HP: 18/18 MP: 1/1
    51 | D:1      | Found a faded altar of an unknown god.
   518 | D:1      | Gained mutation: You are partially covered in icy blue
                  | scales. (AC +2) [demonic ancestry]
   518 | D:1      | Reached XP level 2. HP: 18/24 MP: 2/2
  1194 | D:2      | Reached XP level 3. HP: 26/29 MP: 3/3
  1585 | D:2      | Found Emuq's Assorted Antiques.
  2236 | D:3      | Found a shimmering blue altar of Sif Muna.
  2264 | D:3      | Reached XP level 4. HP: 25/35 MP: 4/4
  2899 | D:4      | Gained mutation: A weak demonic guardian rushes to your
                  | aid. [demonic ancestry]
  2899 | D:4      | Reached XP level 5. HP: 38/42 MP: 5/5
  2909 | D:4      | Reached skill level 4 in Fighting
  3063 | D:4      | Found a staircase to the Ecumenical Temple.
  3128 | Temple   | Entered the Ecumenical Temple
  3174 | Temple   | Became a worshipper of Yredelemnul the Dark
  3281 | D:4      | Gained mutation: You have a pair of small horns on your
                  | head. [demonic ancestry]
  3281 | D:4      | Reached XP level 6. HP: 45/48 MP: 6/6
  3428 | D:4      | Found an opulent altar of Gozag.
  3618 | D:5      | Entered Level 5 of the Dungeon
  3818 | D:5      | Found Voticsu's Antique Weapon Boutique.
  3832 | D:5      | Reached skill level 1 in Invocations
  3846 | D:5      | Gained mutation: Your demonic aura sometimes causes spilled
                  | blood to erupt in flames. [demonic ancestry]
  3846 | D:5      | Reached XP level 7. HP: 42/55 MP: 8/8
  3903 | D:5      | Reached skill level 5 in Fighting
  4210 | D:5      | Found Vuunwig's General Store.
  4220 | D:5      | Reached * piety under Yredelemnul
  4260 | D:5      | Bought a scroll of identify for 28 gold pieces
  4381 | D:5      | Found Gedix's Weapon Boutique.
  4519 | D:5      | Found Togoafoze's Weapon Emporium.
  4797 | D:5      | Mangled by an ogre

Illustrated notes

Levels and vault maps discovered:
D:1:      dpeg_arrival_castle, layout_basic, ebering_ecumenical_altar_petrified
D:2:      layout_loops_corners, serial_shops, shop, minivault_4
D:3:      layout_rooms, kennysheep_orc_sif_temple
D:4:      layout_rooms, grunt_temple_overflow_gold_and_silver,
          minmay_temple_entry_trees, serial_undead, serial_undead_e,
          serial_undead_b, serial_undead_f, serial_undead_c,
          minmay_misc_feat_plants
D:5:      layout_loops_ring, serial_shops, nicolae_shop_waterfront, shop,
          nicolae_shop_waterfront, shop
D:6:      due_chaos_kobolds, layout_cave_pods, nicolae_wu_jian_wuxing_cycle
Temple:   eino_wide_crystal_templ

Skill      XL: |  1  2  3  4  5  6  7 |
---------------+----------------------+-----
Maces & Flails | 2 3 4 |  4.5
Shields        | 3 4 |  4.0
Armour         | 3 4 |  4.1
Fighting       | 4 5 |  5.4
Invocations    | 1 3 |  3.6

Action                   |  1- 3 |  4- 6 |  7- 9 || total
-------------------------+-------+-------+-------++-------
Melee: Flail             |   137 |   164 |    26 ||   327
       Headbutt          |       |    11 |     3 ||    14
Throw: Stone             |       |     5 |       ||     5
  Use: Scroll            |       |     5 |     2 ||     7
Armor: Scale mail        |     9 |       |       ||     9
       Chain mail        |    83 |    27 |       ||   110
       Ring mail         |       |    56 |    11 ||    67
Dodge: Dodged            |    47 |    47 |     7 ||   101
Block: Buckler           |    37 |    72 |    10 ||   119
       Reflection        |       |       |     1 ||     1

Table legend: (Time is in decaauts)
 A = Elapsed time spent in this place.
 B = Non-inter-level travel time spent in this place.
 C = Inter-level travel time spent in this place.
 D = Time resting spent in this place.
 E = Time spent auto-exploring this place.
 F = Levels seen in this place.
 G = Mean time per level.
                   A        B        C        D        E       F      G
               +--------+--------+--------+--------+--------+-----+--------+
         Total |   5155 |   4915 |    240 |      0 |   4050 |   7 |  736.4 |
       Dungeon |   5097 |   4867 |    230 |      0 |   4016 |   6 |  849.5 |
        Temple |     57 |     47 |     10 |      0 |     34 |   1 |   57.0 |
               +--------+--------+--------+--------+--------+-----+--------+

Top non-repeatable levels by time:
     D:5: 1249 daAuts
     D:1: 1182 daAuts
     D:2: 912 daAuts
     D:3: 854 daAuts
     D:4: 776 daAuts
     D:6: 122 daAuts
  Temple: 57 daAuts
